 Dungeon Crawl Stone Soup version 0.28-b1-25-g9875b3fc8c (webtiles) character file.

Game seed: 15430540508699531115

5084 mcbry74 the Grappler (level 10, -7/85 (91) HPs)
             Began as a Troll Gladiator on Jan 31, 2022.
             Was a Follower of Qazlal.
             Mangled by a hornet (14 damage)
             ... on level 7 of the Dungeon.
             The game lasted 00:24:45 (7110 turns).

mcbry74 the Grappler (Troll Gladiator)              Turns: 7110, Time: 00:24:45

HP:   -7/85 (91)    AC:  5    Str: 24    XL:     10   Next: 31%
MP:   10/10         EV:  9    Int:  8    God:    Qazlal [*.....]
Gold: 490           SH:  9    Dex: 11    Spells: 9/9 levels left

rFire   . . .      SeeInvis .     - Unarmed
rCold   . . .      Faith    .   t - +0 kite shield
rNeg    . . .      Spirit   .   a - +0 robe
rPois   .          Reflect  .   g - +1 hat
rElec   .          Harm     .   (no cloak)
rCorr   .          Rampage  .   (gloves unavailable)
Will    .....                   (boots unavailable)
Stlth   +.........              (no amulet)
HPRegen 1.04/turn               (no ring)
MPRegen 0.12/turn               (no ring)

@: lethally poisoned (-7 -> -7), drained
A: large, unfitting armour, claws 3, regeneration 1, shaggy fur 1, tough skin 1
a: Renounce Religion


You were on level 7 of the Dungeon.
You worshipped Qazlal.
Qazlal was aware of your devotion.
You visited 2 branches of the dungeon, and saw 9 of its levels.
You also visited: Sewer.

You collected 490 gold pieces.

Inventory:

Hand Weapons
 w - a +2 spear of venom
 J - a +4 morningstar
 K - a +0 giant spiked club
 M - a +2 flail
Missiles
 c - 2 throwing nets (quivered)
 p - 4 datura-tipped darts
 C - 4 boomerangs
Armour
 a - a +0 robe (worn)
 b - a +0 hat
 g - a +1 hat (worn)
 t - a +0 kite shield (worn)
Jewellery
 I - a ring of flight
Wands
 q - a wand of digging (5)
 v - a wand of flame (69)
 A - a wand of iceblast (9)
 E - a wand of polymorph (10)
Scrolls
 e - 2 scrolls of enchant armour {unknown}
 h - 6 scrolls of teleportation {unknown}
 m - 2 scrolls of enchant weapon {unknown}
 n - 2 scrolls of blinking {unknown}
 o - 4 scrolls of identify {unknown}
 r - a scroll of magic mapping {unknown}
 u - a scroll of torment {unknown}
 x - a scroll of immolation {unknown}
 y - a scroll of fear {unknown}
 D - a scroll of amnesia {unknown}
 G - a scroll of fog {unknown}
 N - a scroll of brand weapon {unknown}
Potions
 d - a potion of resistance {unknown}
 f - 4 potions of degeneration {unknown}
 i - a potion of heal wounds {unknown}
 j - a potion of attraction {unknown}
 k - 4 potions of haste
 l - 3 potions of lignification {unknown}
 s - 2 potions of flight {unknown}
 z - 2 potions of mutation {unknown}
 B - a potion of invisibility {unknown}
 F - 3 potions of curing {unknown}
 H - a potion of magic {unknown}
 L - a potion of brilliance {unknown}


   Skills:
 + Level 3.5 Fighting
 + Level 2.0 Maces & Flails
 + Level 3.9 Throwing
 + Level 3.0 Armour
 + Level 4.0 Dodging
 + Level 3.0 Shields
 + Level 12.3 Unarmed Combat
 + Level 1.5 Invocations
 + Level 1.1 Evocations


You had 9 spell levels left.
You didn't know any spells.
Your spell library contained the following spells:

 Spells                   Type           Power      Damage    Failure   Level
 Magic Dart               Conj           0%         1d3       71%         1
 Pain                     Necr           0%         1d4       71%         1
 Shock                    Conj/Air       0%         1d3       71%         1
 Summon Small Mammal      Summ           0%         N/A       71%         1
 Blink                    Tloc           0%         N/A       83%         2
 Cause Fear               Hex            0%         N/A       100%        4
 Hailstorm                Conj/Ice       0%         3d3       100%        4
 Ice Form                 Ice/Tmut       0%         N/A       100%        4
 Agony                    Necr           0%         N/A       100%        5
 Excruciating Wounds      Necr           0%         N/A       100%        5
 Manifold Assault         Tloc           0%         N/A       100%        5
 Simulacrum               Ice/Necr       0%         N/A       100%        6
 Dragon Form              Tmut           0%         N/A       100%        7
 Storm Form               Tmut/Air       0%         N/A       100%        7
 Borgnjor's Revivificati  Necr           0%         N/A       100%        8
 Necromutation            Tmut/Necr      0%         N/A       100%        8
 Death's Door             Necr           0%         N/A       100%        9
 Dragon's Call            Summ           0%         N/A       100%        9


Dungeon Overview and Level Annotations

Branches:
Dungeon (8/15)             Temple (1/1) D:7           Sewer (visited)
   Lair: D:8-11

Altars:
Ashenzari
Cheibriados
Dithmenos
Elyvilon
Fedhas
Hepliaklqana
Kikubaaqudgha
Makhleb
Nemelex Xobeh
Okawaru
Qazlal
Ru
Sif Muna
Uskayaw
Vehumet
Wu Jian
Xom
Yredelemnul
Zin
The Shining One


Innate Abilities, Weirdness & Mutations

You are too large for most types of armour.
You have claws for hands.
Your natural rate of healing is unusually fast.
You are covered in fur. (AC +1)
You have tough skin. (AC +1)


Message History

The hornet barely misses you.
You claw the hornet!
The hornet is severely wounded.
You feel sick.
You are no longer poisoned.
The wight hits you with a +0 long sword.
* * * LOW HITPOINT WARNING * * *
You feel drained.
* * * LOW HITPOINT WARNING * * *
The hornet stings you but does no damage.
The wight hits you but does no damage. The hornet closely misses you.
You feel yourself speed up. You block the hornet's attack.
You miss the hornet.
The hornet is severely wounded.
The hornet closely misses you. You block the hornet's attack.
You miss the hornet.
The hornet is severely wounded.
You block the hornet's attack. The hornet stings you.
* * * LOW HITPOINT WARNING * * *
You are poisoned.
You suddenly lose the ability to move!
You can move again.
You claw the hornet!
The hornet is almost dead.
You feel sick.
The wight hits you with a +0 long sword!
* * * LOW HITPOINT WARNING * * *
You feel drained.
* * * LOW HITPOINT WARNING * * *
The hornet barely misses you.
You feel sick. You block the hornet's attack.
You feel sick.
You feel sick. The hornet barely misses you.
You feel sick.
You miss the hornet.
The hornet is almost dead.
You feel sick. The hornet stings you!
You die...

#####........# #.
#####...>........# #.
####.....####.....### ##.
#....###...#.......## ##.<
########.#### #............###...
.........#### #............##....
##..........# #..#......[..#.....
##..8.......# #..#......[..#..###
.#..........###.@#.........(..#
............#...y....>.....#..#
............#.#PP............####
..............#Pz................
#............##..P...............
##...........##..P...............
##...............................
...................#.....#.......
..................####..#########


You could see a hornet and a wight.

Vanquished Creatures
  A centaur zombie (D:7)
  A wyvern (D:8)
  2 steam dragons
  Menkaure (D:6)
  A water moccasin (D:4)
  Duvessa (D:5)
  Pargi (Sewer)
  A hornet zombie (D:7)
  An ice beast (D:6)
  A black bear (D:7)
  6 necrophages
  A sky beast (D:5)
  5 ogres
  A centaur (D:7)
  A phantom (D:5)
  3 bullfrogs
  A wyvern zombie (D:8)
  4 gnoll sergeants
  5 scorpions
  A water moccasin zombie (D:6)
  Dowan (D:5)
  9 wights
  A bullfrog zombie (D:7)
  A gnoll shaman (D:6)
  6 hounds
  2 jellies
  2 orc priests
  3 iguanas
  9 orc wizards
  2 killer bee zombies (D:7)
  2 hound skeletons (D:4)
  23 gnolls
  10 adders
  5 river rats (D:4)
  A shadow imp (D:8)
  A white imp (D:7)
  An ufetubus (D:4)
  7 worms
  2 dart slugs
  16 orcs
  7 ball pythons
  7 bats
  6 endoplasms
  6 giant cockroaches
  2 hobgoblins (D:1)
  4 jackals (D:3)
  10 kobolds
  3 quokkas
  4 frilled lizards
  2 goblins
  6 rats
200 creatures vanquished.

Vanquished Creatures (others)
  An ogre (D:6)
  3 plants (D:4)
4 creatures vanquished.

Grand Total: 204 creatures vanquished

Notes
Turn   | Place    | Note
-------+----------+-------------------------------------------
     0 | D:1      | mcbry74 the Troll Gladiator began the quest for the Orb.
     0 | D:1      | Reached XP level 1. HP: 19/19 MP: 0/0
    83 | D:1      | Found a faded altar of an unknown god.
   136 | D:1      | Reached XP level 2. HP: 27/27 MP: 1/1
   992 | D:2      | Reached skill level 4 in Unarmed Combat
   998 | D:2      | Reached XP level 3. HP: 22/33 MP: 2/2
  1647 | D:2      | Reached skill level 5 in Unarmed Combat
  1647 | D:2      | Reached XP level 4. HP: 41/41 MP: 3/3
  2144 | D:3      | Reached XP level 5. HP: 44/48 MP: 4/4
  2554 | D:3      | Reached skill level 6 in Unarmed Combat
  2925 | D:4      | Noticed an ogre
  2936 | D:4      | Killed an ogre
  2937 | D:4      | Reached XP level 6. HP: 55/55 MP: 5/5
  3023 | D:4      | Reached skill level 7 in Unarmed Combat
  3212 | D:4      | Reached skill level 8 in Unarmed Combat
  3212 | D:4      | Reached XP level 7. HP: 61/62 MP: 6/6
  3312 | D:4      | Reached skill level 9 in Unarmed Combat
  3426 | D:4      | Found a glowing drain.
  3438 | Sewer    | Entered a sewer
  3471 | Sewer    | Noticed Pargi
  3483 | Sewer    | Killed Pargi
  3855 | D:5      | Entered Level 5 of the Dungeon
  3955 | D:5      | Reached XP level 8. HP: 70/70 MP: 7/7
  3983 | D:4      | Reached skill level 10 in Unarmed Combat
  4290 | D:5      | Found a hazy altar of Hepliaklqana.
  4459 | D:5      | Noticed Duvessa
  4485 | D:5      | Killed Duvessa
  4486 | D:5      | Reached skill level 11 in Unarmed Combat
  4613 | D:5      | Noticed Dowan
  4619 | D:5      | Killed Dowan
  4638 | D:5      | Identified the +5 chain mail of the Crypt {-Tele Dex+4}
  4952 | D:5      | Found a sacrificial altar of Ru.
  5104 | D:6      | Noticed Menkaure
  5107 | D:6      | Reached XP level 9. HP: 43/79 MP: 8/8
  5178 | D:6      | Reached skill level 1 in Shields
  5264 | D:6      | Reached skill level 1 in Armour
  5612 | D:6      | Killed Menkaure
  5613 | D:6      | Reached skill level 12 in Unarmed Combat
  5693 | D:6      | Got Ecipsy's First Steps in Sorcery
  5696 | D:6      | Found a glowing golden altar of the Shining One.
  6156 | D:7      | Reached skill level 1 in Maces & Flails
  6232 | D:7      | Found a staircase to the Ecumenical Temple.
  6241 | Temple   | Entered the Ecumenical Temple
  6291 | Temple   | Became a worshipper of Qazlal Stormbringer
  6350 | D:7      | Found a shadowy altar of Dithmenos.
  6364 | D:7      | Reached XP level 10. HP: 85/91 MP: 9/9
  6630 | D:7      | Reached skill level 1 in Invocations
  6752 | D:7      | Found a broken altar of Ashenzari.
  6968 | D:8      | Reached * piety under Qazlal
  6969 | D:8      | Reached skill level 1 in Evocations
  7088 | D:8      | Noticed a boulder beetle
  7092 | D:8      | Paralysed by a hornet for 3 turns
  7104 | D:7      | Paralysed by a hornet for 1 turns
  7110 | D:7      | Mangled by a hornet

Illustrated notes

Levels and vault maps discovered:
D:1:      sevenhm_arrival_forest_fort_large_4, layout_loops_ring,
          shapermc_ecumenical_altar_starsandcircs
D:2:      layout_loops_ring, grunt_ministairs_11
D:3:      layout_basic
D:4:      layout_basic, lightli_sewer_entry_pipes, nicolae_grassy_gnolls
D:5:      layout_basic, worldfamousw_hep_ancestral_shrine,
          nicolae_ru_great_annihilating_truth, lightli_minifort, uniq_duvessa
D:6:      layout_rooms, tso_altar, uniq_menkaure
D:7:      layout_rooms, amcnicky_altar_gilded,
          mainiacjoe_overflow_small_starburst, minmay_temple_entry_antechambers,
          serial_undead, serial_undead_d, serial_undead_b, serial_undead_e,
          serial_undead_b, minmay_tree_intersection
D:8:      layout_cave_pools, nicolae_gozag_zags_fifth_avenue,
          erik_lair_orcish_takeover
Temple:   eino_wide_crystal_templ

Skill      XL: |  1  2  3  4  5  6  7  8  9 10 |
---------------+-------------------------------+-----
Unarmed Combat | 4 5 6 8 9 11 12 | 12.3
Throwing       | 2 3 |  3.9
Fighting       | 3 |  3.5
Shields        | 2 3 |  3.0
Armour         | 2 3 |  3.0
Dodging        | 3 4 |  4.0
Maces & Flails | 1 2 |  2.0
Invocations    | 1 |  1.5
Evocations     | 1 |  1.1

Action                   |  1- 3 |  4- 6 |  7- 9 | 10-12 || total
-------------------------+-------+-------+-------+-------++-------
Melee: Unarmed           |   123 |    94 |   369 |    88 ||   674
       Punch             |     4 |     1 |     5 |       ||    10
Throw: Throwing net      |       |     1 |       |       ||     1
 Stab: Sleeping          |       |     2 |       |       ||     2
       Distracted        |       |     1 |       |       ||     1
       Paralysed         |       |       |     1 |       ||     1
Armor: Robe              |    46 |    18 |    84 |    13 ||   161
Dodge: Dodged            |    64 |    34 |   158 |    39 ||   295
Block: Kite shield       |       |       |    51 |    35 ||    86
